 Dungeon Crawl Stone Soup version 0.21.1-1-g345015f (webtiles) character file.

3165 zxcv the Carver (level 9, -8/65 HPs)
             Began as a Demonspawn Abyssal Knight on Mar 20, 2018.
             Was an Elder of Lugonu.
             Mangled by a death yak (16 damage)
             ... on level 8 of the Dungeon on Mar 21, 2018.
             The game lasted 00:21:59 (13166 turns).

zxcv the Carver (Demonspawn Abyssal Knight)        Turns: 13166, Time: 00:22:00

Health: -8/65      AC: 12    Str: 16    XL:     9   Next: 63%
Magic:  0/12       EV:  7    Int: 13    God:    Lugonu [****..]
Gold:   418        SH:  9    Dex: 13    Spells: 8/8 levels left

rFire    . . .     SeeInvis .   P - +0 scimitar
rCold    . . .     Gourm    .   d - +0 buckler
rNeg     . . .     Faith    .   t - +1 chain mail
rPois    .         Spirit   +   (no helmet)
rElec    .         Reflect  .   K - +0 cloak
rCorr    .         Harm     .   (no gloves)
MR       .....                  I - +2 pair of boots
Stlth    ..........             (no amulet)
HPRegen  0.20/turn              (no ring)
MPRegen  0.26/turn              (no ring)

@: corroded, drained
A: hooves 2, large bone plates 1, magic shield, magic regeneration, magic link,
rot immunity
a: Depart the Abyss, Bend Space, Banish, Corrupt, Renounce Religion


You were on level 8 of the Dungeon.
You worshipped Lugonu.
Lugonu was greatly pleased with you.
You were hungry.

You visited 1 branch of the dungeon, and saw 9 of its levels.
You visited the Abyss 1 time.
You also visited: Ossuary.

You collected 418 gold pieces.

Inventory:

Hand Weapons
 a - a +2 falchion
 n - a +3 shortbow
 C - the +2 quarterstaff "Undertaker" {venom, rPois MR- Int+4 Dex-2}
   (You found it on level 5 of the Dungeon)

   It poisons the flesh of those it strikes.
   It affects your intelligence (+4).
   It affects your dexterity (-2).
   It protects you from poison.
   It affects your resistance to hostile enchantments.
 P - a +0 scimitar (weapon)
Missiles
 g - 445 stones
 F - 40 sling bullets
 J - 19 arrows
 L - 7 tomahawks (quivered)
Armour
 d - a +0 buckler (worn)
 h - a +0 leather armour of magic resistance
 t - a +1 chain mail (worn)
 I - a +2 pair of boots (worn)
 K - a +0 cloak (worn)
Wands
 s - a wand of digging (11)
 x - a wand of acid (4)
 M - a wand of polymorph (6)
 N - a wand of iceblast (15)
Scrolls
 f - 4 scrolls of enchant weapon
 i - 10 scrolls of remove curse
 j - a scroll of enchant armour
 k - 3 scrolls of teleportation
 w - 2 scrolls of noise {unknown}
 y - 2 scrolls of magic mapping
 O - a scroll of blinking {unknown}
 Q - a scroll of amnesia {unknown}
Potions
 e - 7 potions of curing
 l - a potion of invisibility {unknown}
 m - a potion of ambrosia {unknown}
 o - 3 potions of heal wounds {unknown}
 p - 3 potions of agility
 q - 3 potions of brilliance
 r - 2 potions of haste
 u - a potion of experience {unknown}
 z - 4 potions of lignification
 A - 2 potions of resistance {unknown}
 D - 4 potions of magic
 E - 3 potions of might
 G - a potion of mutation {unknown}
 H - a potion of flight {unknown}
Books
 b - a book of Conjurations

   Spells                             Type                      Level
   a - Magic Dart                     Conjuration                  1
   b - Searing Ray                    Conjuration                  2
   c - Dazzling Spray                 Conjuration/Hexes            3
   d - Fulminant Prism                Conjuration/Hexes            4
   e - Force Lance                    Conjuration/Translocation    4
   f - Iskenderun's Mystic Blast      Conjuration                  4
 B - a book of Minor Magic

   Spells                             Type                      Level
   a - Magic Dart                     Conjuration                  1
   b - Blink                          Translocation                2
   c - Call Imp                       Summoning                    2
   d - Slow                           Hexes                        2
   e - Conjure Flame                  Conjuration/Fire             3
   f - Mephitic Cloud                 Conjuration/Poison/Air       3
Comestibles
 c - 14 rations


   Skills:
 + Level 4.2(4.0) Fighting
 * Level 9.0(8.9) Long Blades
 + Level 6.8(6.6) Armour
 - Level 0.8(0.7) Dodging
 - Level 4.0(3.8) Shields
 + Level 4.6(4.4) Invocations


You had 8 spell levels left.
You didn't know any spells.

Dungeon Overview and Level Annotations

Branches:
Dungeon (9/15)             Temple (0/1) D:4             Orc (0/2) D:9
   Lair: D:8-11

Altars:
Elyvilon
Fedhas
Gozag
Kikubaaqudgha
Uskayaw
Vehumet

Shops:
D:6 }

Annotations:
D:5 Edmund
D:6 2 transporters
D:8 Joseph


Innate Abilities, Weirdness & Mutations

You have hoof-like feet.
You are partially covered in large bone plates. (SH +4)
When hurt, damage is shared between your health and your magic reserves.
You regenerate magic rapidly.
When low on magic, you restore magic in place of health.
You are immune to rotting.


Message History

The death yak gores you!!
You climb upwards.
Level annotation: Joseph
There is a stone staircase leading down here.
Okay, then.
You see here a dagger.
You see here a dagger.
Joseph shouts!
Joseph shoots a sling bullet.
The sling bullet hits you!
You see here a sling bullet.
Joseph zaps a wand.
The bolt of acid hits you! The acid corrodes you!
You are splashed with acid!
The acid burns!
* * * LOW HITPOINT WARNING * * *
Okay, then.
You don't have enough magic at the moment.
Space bends sharply around you!
The death yak blinks!
You blink.
The death yak gores you!!
You die...

############ ###...........#
#.....#######.# ##.###.### #.#
################ ...# #...# #.#
#......((@......
##.###.#[#####.###.##############
#......)..ยงยง..Y@..# ########
###.#########.>#@.#######......<
##.#.## #.).....#...............
#.###.###.###..###.######.######
#..#.###...##.>.#..# #.#
#.#.#....#.......#.# #.#
#.#......#......##.# #.#
#.###..#####.#.###.# #.#
#.###....#...#.# #.# #.#


You could see a death yak and Joseph.

Vanquished Creatures
  A troll (D:9)
  Menkaure (Ossuary)
  2 water moccasins
  Duvessa (D:6)
  A porcupine (D:9)
  An orc warrior (D:9)
  A sky beast (D:9)
  2 centaurs
  3 ogres
  2 phantoms (D:4)
  A bullfrog (D:8)
  2 scorpions
  Dowan (D:6)
  6 killer bees
  2 howler monkeys
  5 crimson imps
  2 bullfrog zombies
  3 hounds
  A jelly (D:6)
  4 orc priests
  A bullfrog skeleton (D:4)
  An iguana (D:6)
  A hell rat (D:8)
  7 orc wizards
  7 worker ants
  2 mummies (Ossuary)
  10 adders
  A river rat (D:9)
  2 shadow imps
  3 worms (D:2)
  2 dart slugs (D:1)
  4 leopard geckos
  34 orcs
  3 giant cockroaches
  3 gnoll zombies (Ossuary)
  10 goblins
  6 hobgoblins
  7 jackals
  5 quokkas
  5 bats
  5 frilled lizards
  7 gnoll skeletons (Ossuary)
  2 goblin zombies (Ossuary)
  2 hobgoblin skeletons (Ossuary)
  2 hobgoblin zombies (Ossuary)
  3 kobolds
  A kobold skeleton (Ossuary)
  A kobold zombie (Ossuary)
  A leopard gecko skeleton (D:9)
  An orc skeleton (Ossuary)
  2 orc zombies (Ossuary)
  A quokka skeleton (D:5)
  9 rats
  2 rat skeletons (Ossuary)
  3 rat zombies (Ossuary)
198 creatures vanquished.

Vanquished Creatures (others)
  A mummy (Ossuary)
  2 gnoll zombies (Ossuary)
  4 goblin skeletons (Ossuary)
  4 goblin zombies (Ossuary)
  2 hobgoblin skeletons (Ossuary)
  A hobgoblin zombie (Ossuary)
  A kobold skeleton (Ossuary)
  A kobold zombie (Ossuary)
  4 orc skeletons (Ossuary)
  3 orc zombies (Ossuary)
  A rat skeleton (Ossuary)
  A rat zombie (Ossuary)
25 creatures vanquished.

Grand Total: 223 creatures vanquished

Notes
Turn   | Place    | Note
-------+----------+-------------------------------------------
     0 | Abyss:1  | zxcv the Demonspawn Abyssal Knight began the quest for the Orb.
     0 | Abyss:1  | Reached XP level 1. HP: 18/18 MP: 2/2
     0 | D:1      | Escaped the Abyss
   115 | D:1      | Reached skill level 2 in Long Blades
   292 | D:1      | Reached * piety under Lugonu
   292 | D:1      | Gained mutation: You are immune to rotting. [demonic ancestry]
   292 | D:1      | Reached XP level 2. HP: 23/24 MP: 3/3
   889 | D:2      | Gained mutation: When hurt, damage is shared between your health and your magic reserves. [demonic ancestry]
   889 | D:2      | Reached XP level 3. HP: 12/29 MP: 4/4
  1153 | D:2      | Reached skill level 3 in Long Blades
  2136 | D:2      | Gained mutation: You regenerate magic rapidly. [demonic ancestry]
  2136 | D:2      | Reached XP level 4. HP: 27/35 MP: 3/5
  2986 | D:3      | Reached ** piety under Lugonu
  3673 | D:3      | Gained mutation: You have large cloven feet. [demonic ancestry]
  3673 | D:3      | Reached XP level 5. HP: 41/41 MP: 4/6
  4485 | D:4      | Found a staircase to the Ecumenical Temple.
  4508 | D:4      | Noticed a phantom
  4508 | D:4      | Reached skill level 4 in Long Blades
  4519 | D:4      | Reached skill level 1 in Shields
  4645 | D:4      | Noticed a phantom
  4666 | D:4      | Killed a phantom
  4666 | D:4      | Gained mutation: When low on magic, you restore magic in place of health. [demonic ancestry]
  4666 | D:4      | Reached XP level 6. HP: 44/47 MP: 7/7
  5164 | D:4      | Found a radiant altar of Vehumet.
  5166 | D:4      | Found an ancient bone altar of Kikubaaqudgha.
  5273 | D:5      | Entered Level 5 of the Dungeon
  5286 | D:5      | Reached skill level 5 in Long Blades
  5286 | D:5      | Gained mutation: You are partially covered in large bone plates. (SH +4) [demonic ancestry]
  5286 | D:5      | Reached XP level 7. HP: 43/52 MP: 6/8
  5390 | D:5      | Found a hide-covered altar of Uskayaw.
  5458 | D:5      | Noticed Edmund
  5961 | D:5      | Got a pitted quarterstaff
  5977 | D:5      | Identified the cursed +2 quarterstaff "Undertaker" {venom, rPois MR- Int+4 Dex-2} (You found it on level 5 of the Dungeon)
  6468 | D:5      | Found a blossoming altar of Fedhas.
  6704 | D:6      | Found a transporter.
  6704 | D:6      | Noticed Duvessa
  6704 | D:6      | Noticed Dowan
  6835 | D:6      | Reached skill level 6 in Long Blades
  6848 | D:6      | Noticed a cyan ugly thing
  6849 | D:6      | Found a white marble altar of Elyvilon.
  6855 | D:6      | Found a transporter.
  7194 | D:6      | Found Gur Ciat's Gadget Boutique.
  7230 | D:6      | Reached skill level 5 in Armour
  7241 | D:6      | Killed Dowan
  7241 | D:6      | Gained mutation: You have hoof-like feet. [demonic ancestry]
  7241 | D:6      | Reached XP level 8. HP: 48/58 MP: 9/9
  7380 | D:6      | Killed Duvessa
  8008 | D:6      | Reached skill level 7 in Long Blades
  9050 | D:6      | Reached *** piety under Lugonu
  9936 | D:7      | Reached skill level 8 in Long Blades
  9947 | D:7      | Reached XP level 9. HP: 63/63 MP: 10/10
 10144 | D:7      | Found an opulent altar of Gozag.
 10378 | D:8      | Found a sand-covered staircase.
 10390 | Ossuary  | Entered an ossuary
 10663 | Ossuary  | Reached **** piety under Lugonu
 10724 | Ossuary  | Noticed Menkaure
 10737 | Ossuary  | Killed Menkaure
 11102 | D:8      | Noticed Joseph
 12276 | D:9      | Noticed a troll
 12284 | D:9      | Killed a troll
 12876 | D:9      | Found a staircase to the Orcish Mines.
 12923 | D:9      | Noticed a death yak
 12990 | D:9      | Reached skill level 9 in Long Blades
 13112 | D:9      | Noticed a death yak
 13115 | D:9      | Noticed a death yak
 13166 | D:8      | Mangled by a death yak

Skill      XL: |  1  2  3  4  5  6  7  8  9 |
---------------+----------------------------+-----
Long Blades    | 2 3 4 5 6 8 9 |  9.0
Armour         | 2 3 4 5 6 |  6.8
Shields        | 1 2 3 4 |  4.0
Invocations    | 4 |  4.6
Fighting       | 4 |  4.2
Dodging        | |  0.8

Action                   |  1- 3 |  4- 6 |  7- 9 || total
-------------------------+-------+-------+-------++-------
Melee: Falchion          |    76 |   140 |   486 ||   702
       Kick              |       |    19 |    26 ||    45
       Quarterstaff      |       |       |    49 ||    49
       Scimitar          |       |       |    46 ||    46
Throw: Tomahawk          |    52 |    64 |   253 ||   369
       Stone             |     5 |    19 |    69 ||    93
Invok: Depart the Abyss  |     1 |       |       ||     1
       Bend Space        |       |       |     5 ||     5
Evoke: Wand              |       |       |    12 ||    12
  Use: Scroll            |       |     1 |    13 ||    14
       Potion            |       |       |     1 ||     1
 Stab: Sleeping          |       |     1 |       ||     1
  Eat: Chunk             |     4 |     2 |    16 ||    22
       Ration            |       |     2 |     3 ||     5
Armor: Leather armour    |    16 |     9 |       ||    25
       Chain mail        |       |    10 |   201 ||   211
       Scale mail        |       |    18 |    50 ||    68
Dodge: Dodged            |    45 |    50 |   156 ||   251
Block: Buckler           |       |    13 |   205 ||   218
       Other             |       |       |     4 ||     4
       Rpst.: Falchion   |    14 |    11 |    38 ||    63
       Scimitar          |       |       |     7 ||     7
